 Dungeon Crawl Stone Soup version 0.31.0-12-g77e489cdc1 (webtiles) character file.

Game seed: 2713320988085002722

7570 GeoRichter the Thaumaturge (level 11, 0/81 HPs)
             Began as a Gnoll Alchemist on Mar 4, 2024.
             Was a High Priest of Cheibriados.
             Slain by a wyvern (14 damage)
             ... on level 9 of the Dungeon.
             The game lasted 00:19:46 (11067 turns).

GeoRichter the Thaumaturge (Gnoll Alchemist)       Turns: 11067, Time: 00:19:47

Health: 0/81       AC: 13    Str: 21    XL:     11   Next: 17%
Magic:  23/23      EV: 19    Int: 31    God:    Cheibriados [*****.]
Gold:   508        SH:  0    Dex: 26    Spells: 19/26 levels left

rFire   + . .        a - +3 demon trident (pain)
rCold   . . .        (no shield)
rNeg    . . .        D - +2 robe {rF+}
rPois   +            c - +0 helmet
rElec   .            e - +1 cloak
rCorr   .            (no gloves)
SInv    .            x - +0 pair of boots
Will    .....        E - amulet of magic regeneration
Stlth   ++++         h - ring of poison resistance
HPRegen 0.33/turn    u - +4 ring of protection
MPRegen 0.58/turn

%: no passive effects
@: slowed, very slow
A: fangs 1, strong nose, distributed training
a: Renounce Religion, Bend Time, Temporal Distortion, Slouch, Step From Time


You were on level 9 of the Dungeon.
You worshipped Cheibriados.
Cheibriados was extremely pleased with you.
You visited 1 branch of the dungeon, and saw 9 of its levels.
You also visited: Bailey.

You collected 508 gold pieces.

Inventory:

Hand Weapons
 a - a +3 demon trident of pain (weapon)
   (You acquired it in a bailey)
 b - the +6 spear of Judgement {venom, rElec Dex+2}
   (You found it on level 6 of the Dungeon)

   Dex+2:     It affects your dexterity (+2).
   rElec:     It insulates you from electricity.
Armour
 c - a +0 helmet (worn)
   (You found it on level 6 of the Dungeon)
 e - a +1 cloak (worn)
   (You found it on level 7 of the Dungeon)
 x - a +0 pair of boots (worn)
   (You found it on level 6 of the Dungeon)
 D - a +2 robe of fire resistance (worn)
   (You found it in a bailey)
 G - the +0 robe "Vemmiom" {rPois rC+}
   (You found it on level 9 of the Dungeon)

   rC+:       It protects you from cold.
   rPois:     It protects you from poison
Jewellery
 h - a ring of poison resistance (left hand)
   (You found it on level 1 of the Dungeon)
 u - a +4 ring of protection (right hand)
   (You found it on level 5 of the Dungeon)
 E - an amulet of magic regeneration (around neck)
   (You found it in a bailey)
 F - a ring of protection from fire
   (You took it off Grum on level 9 of the Dungeon)
Talismans
 f - a beast talisman
   (You found it on level 3 of the Dungeon)
 A - a serpent talisman
   (You found it on level 8 of the Dungeon)
Wands
 o - a wand of flame (14)
   (You found it on level 4 of the Dungeon)
 y - a wand of iceblast (7)
   (You found it on level 6 of the Dungeon)
Scrolls
 d - 4 scrolls of teleportation {@r4}
 g - 2 scrolls of poison
 i - 2 scrolls of revelation
 k - a scroll of enchant armour
 n - 3 scrolls of torment {!r}
 p - 2 scrolls of immolation {!r}
 v - a scroll of butterflies {unknown}
 w - a scroll of brand weapon {unknown}
 B - 2 scrolls of enchant weapon {unknown}
 C - a scroll of vulnerability {unknown}
Potions
 j - a potion of attraction {!q}
 l - a potion of might {unknown}
 m - 2 potions of lignification {unknown}
 q - a potion of mutation {unknown}
 r - a potion of enlightenment {unknown}
 s - 3 potions of invisibility {unknown}
 t - 2 potions of curing {@q1}
 z - 2 potions of magic


   Skills:
 + Level 6.2 Fighting
 + Level 6.2 Short Blades
 + Level 6.2 Long Blades
 + Level 6.2 Axes
 + Level 6.2 Maces & Flails
 + Level 6.2 Polearms
 + Level 6.2 Staves
 + Level 6.2 Ranged Weapons
 + Level 6.2 Throwing
 + Level 6.2 Armour
 + Level 7.8 Dodging
 + Level 7.6 Stealth
 + Level 6.2 Shields
 + Level 6.2 Unarmed Combat
 + Level 8.1 Spellcasting
 + Level 5.6 Conjurations
 + Level 5.2 Hexes
 + Level 5.2 Summonings
 + Level 5.2 Necromancy
 + Level 5.2 Translocations
 + Level 5.2 Fire Magic
 + Level 5.2 Ice Magic
 + Level 5.2 Air Magic
 + Level 5.2 Earth Magic
 + Level 7.6 Alchemy
 + Level 6.9 Invocations
 + Level 6.2 Evocations
 + Level 5.7 Shapeshifting


You had 19 spell levels left.
You knew the following spells:

 Your Spells              Type           Power      Damage    Failure   Level
a - Sting                 Conj/Alch      100%       1d9       1%          1
b - Olgreb's Toxic Radia  Alch           56%        N/A       1%          4
c - Searing Ray           Conj           94%        2d7       1%          2

Your spell library contained the following spells:

 Spells                   Type           Power      Damage    Failure   Level
 Apportation              Tloc           88%        N/A       1%          1
 Magic Dart               Conj           100%       1d8       1%          1
 Ensorcelled Hibernation  Hex/Ice        88%        N/A       1%          2
 Jinxbite                 Hex            88%        N/A       1%          2
 Mercury Vapours          Alch/Air       100%       N/A       1%          2
 Mephitic Cloud           Conj/Alch/Air  50%        N/A       1%          3
 Passwall                 Erth           44%        N/A       1%          3
 Swiftness                Air            44%        N/A       1%          3
 Fulminant Prism          Conj/Alch      26%        3d13      2%          4
 Leda's Liquefaction      Alch/Erth      25%        N/A       2%          4
 Sticky Flame             Fire/Alch      51%        2d9       2%          4
 Animate Armour           Summ/Erth      88%        N/A       4%          4
 Summon Lightning Spire   Summ/Air       44%        N/A       4%          4
 Alistair's Intoxication  Alch           37%        N/A       4%          5
 Lee's Rapid Deconstruct  Erth           22%        3d12*     13%         5
 Bombard                  Conj/Erth      23%        9d4       54%         6
 Ozocubu's Refrigeration  Ice            22%        4d12      99%         7
 Discord                  Hex            22%        N/A       100%        8


Dungeon Overview and Level Annotations

Branches:
Dungeon (9/15) Zot: 39795  Temple (0/1) D:4          Bailey (visited)
   Lair: D:8-11         Orc: D:9-12

Altars:
Cheibriados
Makhleb
Nemelex Xobeh
Qazlal
Trog
Uskayaw
Wu Jian
Yredelemnul

Shops:
D:6 :

Annotations:
D:2 Sigmund
D:3 1 runed translucent door, Crazy Yiuf
D:9 2 transporters


Innate Abilities, Weirdness & Mutations

You have very sharp teeth.
Your uncanny sense of smell can sniff out nearby items.
Your experience applies equally to all skills.


Message History

You hit the wraith.
The wraith is almost destroyed.
The wyvern closely misses you. The wraith hits you.
* * * LOW HITPOINT WARNING * * *
The wyvern bites you but does no damage.
You hit the wraith but do no damage. Your bite misses the wraith.
The wraith is almost destroyed.
The wyvern barely misses you. The wraith hits you.
* * * LOW HITPOINT WARNING * * *
The wyvern closely misses you. The wraith hits you but does no damage.
You barely miss the wraith.
The wraith is almost destroyed.
The wyvern closely misses you. The wyvern completely misses you.
The wraith misses you. The wyvern closely misses you.
You closely miss the wraith.
The wraith is almost destroyed.
The wyvern bites you.
* * * LOW HITPOINT WARNING * * *
The wraith barely misses you. The wyvern barely misses you.
The wraith completely misses you.
You hit the wraith.
The wraith is almost destroyed.
The wyvern misses you. x2; The wraith closely misses you.
You completely miss the wraith.
The wraith is almost destroyed.
The wyvern bites you!
* * * LOW HITPOINT WARNING * * *
The wraith closely misses you. The wyvern barely misses you.
The wraith barely misses you. The wyvern misses you.
You hit the wraith but do no damage.
The wraith is almost destroyed.
The wyvern misses you. The wraith completely misses you. The wyvern bites you.
* * * LOW HITPOINT WARNING * * *
You puncture the wraith!
You destroy the wraith!
Cheibriados appreciates the change of pace.
The wyvern bites you but does no damage.
The wyvern closely misses you.
You puncture the wyvern!
The wyvern writhes in agony.
The wyvern is severely wounded.
The wyvern completely misses you. x2
You hit the wyvern. You bite the wyvern, but do no damage.
The wyvern is almost dead.
The wyvern bites you!
* * * LOW HITPOINT WARNING * * *
The wyvern bites you but does no damage.
You closely miss the wyvern.
The wyvern is almost dead.
The wyvern bites you!
You die...

##############*
###...........#########
.##...................#
.......###*#..........###########
.......### #.....................
.......### #.....................
.......### #...k@#+########......
.)<....###*#.....#,,,,,,,,#......
.................#,,,,,,,,#.#####
#########........#,,,,,,,,#.#
........#........#...,,,,,#.#
........#........#....,,,,#.#
........#.......>###''#####.#
........#.........).........#
........#...................#


You could see a wyvern.

Vanquished Creatures
  2 two-headed ogres
  10 yaks (D:8)
  2 wraiths
  Grum (D:9)
  Duvessa (D:7)
  A water moccasin (D:5)
  7 orc warriors (Bailey)
  A black bear (D:5)
  2 wolves (D:9)
  9 centaurs (Bailey)
  A gnoll sergeant (D:6)
  A bullfrog (D:8)
  5 scorpions
  4 wights (D:7)
  Dowan (D:7)
  16 killer bees
  3 howler monkeys (D:9)
  9 hounds
  5 orc priests
  2 gnoll boudas
  A sleepcap (D:7)
  3 iguanas
  Natasha (thrice) (D:4)
  7 orc wizards
  11 gnolls
  10 adders
  2 shadow imps (D:5)
  3 white imps
  A dart slug (D:5)
  2 ribbon worms (D:2)
  51 orcs
  4 ball pythons
  4 endoplasms
  3 giant cockroaches (D:1)
  13 goblins
  7 hobgoblins
  2 jackals (D:3)
  6 kobolds
  5 quokkas
  5 bats
  3 frilled lizards
  5 rats
234 creatures vanquished.

Notes
Turn   | Place    | Note
-------+----------+-------------------------------------------
     0 | D:1      | GeoRichter the Gnoll Alchemist began the quest for the Orb.
     0 | D:1      | Reached XP level 1. HP: 13/13 MP: 6/6
   290 | D:1      | Reached XP level 2. HP: 19/19 MP: 4/7
   912 | D:1      | Reached skill level 5 in Spellcasting
   912 | D:1      | Reached XP level 3. HP: 25/25 MP: 4/9
  1409 | D:2      | Reached skill level 1 in Invocations
  1891 | D:2      | Reached skill level 1 in Fighting
  1891 | D:2      | Reached skill level 1 in Short Blades
  1891 | D:2      | Reached skill level 1 in Long Blades
  1891 | D:2      | Reached skill level 1 in Axes
  1891 | D:2      | Reached skill level 1 in Maces & Flails
  1891 | D:2      | Reached skill level 1 in Polearms
  1891 | D:2      | Reached skill level 1 in Staves
  1891 | D:2      | Reached skill level 1 in Ranged Weapons
  1891 | D:2      | Reached skill level 1 in Throwing
  1891 | D:2      | Reached skill level 1 in Armour
  1891 | D:2      | Reached skill level 1 in Shields
  1891 | D:2      | Reached skill level 1 in Unarmed Combat
  1891 | D:2      | Reached skill level 1 in Evocations
  1891 | D:2      | Reached skill level 1 in Shapeshifting
  1891 | D:2      | Reached XP level 4. HP: 10/32 MP: 6/11
  2052 | D:2      | Noticed Sigmund
  2297 | D:3      | Reached skill level 1 in Hexes
  2297 | D:3      | Reached skill level 1 in Summonings
  2297 | D:3      | Reached skill level 1 in Necromancy
  2297 | D:3      | Reached skill level 1 in Translocations
  2297 | D:3      | Reached skill level 1 in Fire Magic
  2297 | D:3      | Reached skill level 1 in Ice Magic
  2297 | D:3      | Reached skill level 1 in Air Magic
  2297 | D:3      | Reached skill level 1 in Earth Magic
  2302 | D:3      | Learned a level 4 spell: Olgreb's Toxic Radiance
  2588 | D:3      | Found a basalt altar of Yredelemnul.
  2757 | D:3      | Reached XP level 5. HP: 37/37 MP: 6/12
  2817 | D:3      | Found a hide-covered altar of Uskayaw.
  2817 | D:3      | Found a burning altar of Makhleb.
  3082 | D:3      | Found a runed translucent door.
  3083 | D:3      | Noticed Crazy Yiuf
  3433 | D:4      | Found a snail-covered altar of Cheibriados.
  3546 | D:4      | Reached XP level 6. HP: 26/44 MP: 4/13
  3665 | D:4      | Became a worshipper of Cheibriados the Contemplative
  3700 | D:4      | Reached skill level 5 in Dodging
  4019 | D:4      | Found a staircase to the Ecumenical Temple.
  4401 | D:4      | Noticed Natasha
  4407 | D:4      | Killed Natasha
  4494 | D:4      | Noticed Natasha
  4517 | D:4      | Killed Natasha
  4652 | D:5      | Entered Level 5 of the Dungeon
  4676 | D:5      | Reached * piety under Cheibriados
  4677 | D:5      | Reached XP level 7. HP: 40/50 MP: 8/15
  4808 | D:4      | Found a snail-covered altar of Cheibriados.
  4922 | D:4      | Found a staircase to the Ecumenical Temple.
  4930 | D:4      | Noticed Natasha
  4935 | D:4      | Killed Natasha
  5191 | D:5      | Reached skill level 5 in Stealth
  5459 | D:5      | Found a stormy altar of Qazlal.
  5761 | D:5      | Identified the +1 robe of the Stag {+Inv}
  5792 | D:5      | Reached XP level 8. HP: 56/58 MP: 12/16
  6051 | D:6      | Reached skill level 6 in Spellcasting
  6238 | D:6      | Reached ** piety under Cheibriados
  6514 | D:6      | Identified the +6 spear of Judgement {venom, rElec Dex+2}
  6686 | D:6      | Found Mouklit's Tiny Tomes.
  7378 | D:7      | Noticed Duvessa
  7378 | D:7      | Noticed Dowan
  7385 | D:7      | Killed Dowan
  7385 | D:7      | Killed Duvessa
  7509 | D:6      | Learned a level 2 spell: Searing Ray
  7653 | D:7      | Reached XP level 9. HP: 65/65 MP: 9/18
  7665 | D:7      | Reached *** piety under Cheibriados
  8414 | D:8      | Reached skill level 5 in Invocations
  8415 | D:8      | Reached skill level 7 in Spellcasting
  8505 | D:8      | Reached **** piety under Cheibriados
  8584 | D:8      | Reached skill level 5 in Fighting
  8584 | D:8      | Reached skill level 5 in Short Blades
  8584 | D:8      | Reached skill level 5 in Long Blades
  8584 | D:8      | Reached skill level 5 in Axes
  8584 | D:8      | Reached skill level 5 in Maces & Flails
  8584 | D:8      | Reached skill level 5 in Polearms
  8584 | D:8      | Reached skill level 5 in Staves
  8584 | D:8      | Reached skill level 5 in Ranged Weapons
  8584 | D:8      | Reached skill level 5 in Throwing
  8584 | D:8      | Reached skill level 5 in Armour
  8584 | D:8      | Reached skill level 5 in Shields
  8584 | D:8      | Reached skill level 5 in Unarmed Combat
  8584 | D:8      | Reached skill level 5 in Evocations
  8584 | D:8      | Reached XP level 10. HP: 74/74 MP: 11/20
  8661 | D:8      | Noticed a two-headed ogre
  8780 | D:8      | Killed a two-headed ogre
  8781 | D:8      | Reached skill level 5 in Conjurations
  9116 | D:8      | Reached skill level 5 in Shapeshifting
  9535 | D:8      | Found a bloodstained altar of Trog.
  9615 | D:9      | Noticed a two-headed ogre
  9615 | D:9      | Found an ornate altar of the Wu Jian Council.
  9615 | D:9      | Found a sparkling altar of Nemelex Xobeh.
  9621 | D:9      | Killed a two-headed ogre
  9656 | D:9      | Reached ***** piety under Cheibriados
  9717 | D:9      | Found a flagged portal.
  9725 | Bailey   | Entered a bailey
 10094 | Bailey   | Reached skill level 5 in Hexes
 10094 | Bailey   | Reached skill level 5 in Summonings
 10094 | Bailey   | Reached skill level 5 in Necromancy
 10094 | Bailey   | Reached skill level 5 in Translocations
 10094 | Bailey   | Reached skill level 5 in Fire Magic
 10094 | Bailey   | Reached skill level 5 in Ice Magic
 10094 | Bailey   | Reached skill level 5 in Air Magic
 10094 | Bailey   | Reached skill level 5 in Earth Magic
 10116 | Bailey   | Reached XP level 11. HP: 81/81 MP: 7/22
 10240 | Bailey   | Reached skill level 8 in Spellcasting
 10562 | Bailey   | Acquired a +3 demon trident of pain
 10839 | D:9      | Noticed Grum
 10847 | D:9      | Killed Grum
 10879 | D:9      | Found a transporter.
 10879 | D:9      | Noticed a boulder beetle
 10880 | D:9      | Found a transporter.
 10881 | D:9      | Identified the +0 robe "Vemmiom" {rPois rC+}
 11067 | D:9      | Slain by a wyvern

Illustrated notes

Levels and vault maps discovered:
D:1:      dpeg_arrival_rhombi, layout_basic, item_on_display_a
D:2:      layout_basic, serial_co_window_serial, co_window_of_opportunity_a,
          co_window_paths_a, co_window_corner_a, co_window_paths_b,
          co_window_paths_a, co_window_corner_a, co_window_paths_a,
          co_window_cross_2, co_window_of_opportunity_b, co_window_paths_c,
          co_window_2corner, co_window_corner_ca, co_window_of_opportunity_b,
          co_window_corner_b, co_window_4corner_b, co_window_4corner_a,
          uniq_sigmund
D:3:      layout_basic, old_standard_altar, gammafunk_temple_overflow_wave,
          uniq_crazy_yiuf_cottage
D:4:      layout_basic, mainiacjoe_overflow_concentric_impassable,
          minmay_temple_entry_junction_2, serial_bayou, serial_bayou_pond_c,
          serial_bayou_pond_d, serial_bayou_lake_a, serial_bayou_pond_e,
          serial_bayou_pond_c, serial_bayou_pond_a, uniq_natasha
D:5:      layout_loops_cross, marbit_many_paths
D:6:      layout_basic, kennysheep_cross_room,
          nicolae_shop_i_like_small_books_too, minmay_misc_feat_diagonals,
          minmay_misc_feat_rows
D:7:      layout_loops_ring, uniq_duvessa
D:8:      layout_basic, trog_hazing_becter, serial_glass, glass_columns_c,
          glass_columns_c, glass_columns_c, glass_columns_c, glass_columns_a,
          glass_columns_a, glass_columns_a, glass_columns_c, glass_columns_a,
          glass_columns_b, dreamdust_mushroom_princess
D:9:      gammafunk_boulding_lane, layout_irregular_city,
          mainiacjoe_overflow_alcove_4, grunt_temple_overflow_open,
          enter_bailey_3, uniq_grum

Skill      XL: |  1  2  3  4  5  6  7  8  9 10 11 |
---------------+----------------------------------+-----
Conjurations   | 2 3 4 5 |  5.6
Spellcasting   | 5 6 7 8 |  8.1
Invocations    | 1 2 3 4 5 6 |  6.9
Fighting       | 1 2 3 5 6 |  6.2
Short Blades   | 1 2 3 5 6 |  6.2
Long Blades    | 1 2 3 5 6 |  6.2
Axes           | 1 2 3 5 6 |  6.2
Maces & Flails | 1 2 3 5 6 |  6.2
Polearms       | 1 2 3 5 6 |  6.2
Staves         | 1 2 3 5 6 |  6.2
Ranged Weapons | 1 2 3 5 6 |  6.2
Throwing       | 1 2 3 5 6 |  6.2
Armour         | 1 2 3 5 6 |  6.2
Shields        | 1 2 3 5 6 |  6.2
Unarmed Combat | 1 2 3 5 6 |  6.2
Evocations     | 1 2 3 5 6 |  6.2
Shapeshifting  | 1 2 3 4 5 |  5.7
Hexes          | 1 2 3 4 5 |  5.2
Summonings     | 1 2 3 4 5 |  5.2
Necromancy     | 1 2 3 4 5 |  5.2
Translocations | 1 2 3 4 5 |  5.2
Fire Magic     | 1 2 3 4 5 |  5.2
Ice Magic      | 1 2 3 4 5 |  5.2
Air Magic      | 1 2 3 4 5 |  5.2
Earth Magic    | 1 2 3 4 5 |  5.2
Dodging        | 5 6 7 |  7.8
Stealth        | 5 6 7 |  7.6
Alchemy        | 6 7 |  7.6

Action                     |  1- 3 |  4- 6 |  7- 9 | 10-12 || total
---------------------------+-------+-------+-------+-------++-------
  Melee: Dagger            |     1 |     9 |    16 |       ||    26
         Bite              |       |     1 |     5 |     8 ||    14
         Spear             |       |       |    51 |    88 ||   139
         Punch             |       |       |     2 |     4 ||     6
         Demon trident     |       |       |       |    27 ||    27
   Cast: Sting             |    55 |   118 |    77 |     7 ||   257
         Olgreb's Toxic Ra |       |       |    39 |    50 ||    89
Ability: Begin Untransform |       |       |     1 |       ||     1
  Evoke: Wand              |       |       |     7 |     1 ||     8
    Use: Scroll            |       |     3 |     2 |     4 ||     9
         Potion            |       |       |     1 |       ||     1
   Stab: Distracted        |       |       |     1 |       ||     1
 Armour: Robe              |     7 |    33 |    43 |    59 ||   142
  Dodge: Dodged            |    13 |    33 |    65 |   117 ||   228
   Form: Beast             |       |     1 |       |       ||     1
